 Dungeon Crawl Stone Soup version 0.14-a0-445-g388476e (webtiles) character file.

331 PolkaDot the Grave Robber (level 5, 0/35 HPs)
             Began as a Vampire Necromancer on Oct 30, 2013.
             Succumbed to poison (a potion of poison)
             ... on Level 3 of the Dungeon.
             The game lasted 00:09:20 (1880 turns).

PolkaDot the Grave Robber (Vampire Necromancer)     Turns: 1880, Time: 00:09:21

HP   0/35        AC  2     Str  7      XL: 5   Next: 10%
MP   0/9         EV 12     Int 18      God:
Gold 180         SH  0     Dex 14      Spells:  2 memorised,  2 levels left

Res.Fire  : . . .   See Invis. : +   h - +0 short sword
Res.Cold  : . . .   Warding    : .   a - +0 robe
Life Prot.: . . .   Conserve   : .   (no shield)
Res.Poison: .       Res.Corr.  : .   (no helmet)
Res.Elec. : .       Clarity    : .   (no cloak)
Sust.Abil.: . .     Spirit.Shd : .   (no gloves)
Res.Mut.  : .       Stasis     : .   (no boots)
Res.Rott. : .       Flight     : .   (no amulet)
Saprovore : . . .                    (no ring)
                                     (no ring)

@: regenerating quickly, mildly poisoned, slightly resistant to hostile
enchantments, stealthy
A: fangs 3, see invisible, unbreathing
a: no special abilities


You were on level 3 of the Dungeon.
You were full.

You visited 1 branch of the dungeon, and saw 3 of its levels.

You collected 160 gold pieces.

Inventory:

Hand weapons
 h - a +0,+0 short sword (weapon)
Armour
 a - a +0 robe (worn)
 c - a +0 elven buckler
 r - a +0 cloak
Magical devices
 p - a wand of teleportation (5)
Scrolls
 d - a scroll of recharging {unknown}
 e - 3 scrolls of teleportation {unknown}
 f - a scroll of noise {unknown}
 g - 2 scrolls of blinking {unknown}
 i - a scroll of identify {unknown}
 j - 2 scrolls of remove curse {unknown}
 k - 2 scrolls of enchant weapon I {unknown}
 m - 5 scrolls of enchant armour {unknown}
 n - a scroll of amnesia {unknown}
 o - a scroll of curse armour {unknown}
Potions
 l - a potion of paralysis
Books
 b - a book of Necromancy

   Spells                             Type                      Level
   *Pain                              Necromancy                   1
   Animate Skeleton                   Necromancy                   1
   Lethal Infusion                    Charms/Necromancy            2
   *Vampiric Draining                 Necromancy                   3
   Regeneration                       Charms/Necromancy            3
   Animate Dead                       Necromancy                   4
   Control Undead                     Necromancy                   4


   Skills:
 - Level 2.1 Dodging
 - Level 3.0 Stealth
 - Level 1.0 Spellcasting
 * Level 7.1 Necromancy


You had 2 spell levels left.
You knew the following spells:

 Your Spells              Type           Power        Failure   Level  Hunger
a - Pain                  Necr           ####         1%          1    ##.....
s - Vampiric Draining     Necr           ####......   3%          3    ####...


Dungeon Overview and Level Annotations

Branches:
Dungeon (3/27)

Altars:


Innate Abilities, Weirdness & Mutations

Your natural rate of healing is unusually fast.
You have razor-sharp teeth.*
You have supernaturally acute eyesight.
You can survive without breathing.*


Message History

Casting: Pain
Confirm with . or Enter, or press ? or * to list all spells.
Aiming: Pain
Press: ? - help, Shift-Dir - straight line, f/p - orc wizard
Aim: an orc wizard, wielding an orcish dagger and wearing an orcish robe (moderately wounded, moving very quickly)
The orc wizard convulses in agony!
The orc wizard gestures at you while chanting.
You resist. The orc wizard casts a spell at you. You resist.
Casting: Pain
Confirm with . or Enter, or press ? or * to list all spells.
Aiming: Pain
Press: ? - help, Shift-Dir - straight line, f/p - orc wizard
Aim: an orc wizard, wielding an orcish dagger and wearing an orcish robe (heavily wounded, moving very quickly)
The orc wizard convulses in agony!
You kill the orc wizard!
Your Necromancy skill increases to level 7!
You have reached level 5!
You die...

#####
#####...###########
..##o###o##....)@.#
..#o#...#.#.#####.#
..o.#.>.#......##.#
..#.#...#.#.##.##.#
..##.###.##.......#
#####...###.......#
# ##.## #.##.##.#
## ###.####.#.....#
o###.....##..###..#


There were no monsters in sight!

Vanquished Creatures
  2 orc wizards (D:3)
  Ijyb (D:2)
  Jessica (D:2)
  Terence (D:2)
  2 adders (D:2)
  A worm (D:3)
  A giant gecko (D:2)
  An orc (D:3)
  2 giant cockroaches
  3 hobgoblins
  3 bats
  3 giant newts
  5 goblins
  2 kobolds (D:2)
  6 rats
34 creatures vanquished.

Notes
Turn   | Place    | Note
--------------------------------------------------------------
     0 | D:1      | PolkaDot, the Vampire Necromancer, began the quest for the Orb.
     0 | D:1      | Reached XP level 1. HP: 13/13 MP: 4/4
   535 | D:2      | Reached XP level 2. HP: 17/19 MP: 5/5
   543 | D:2      | Reached skill level 5 in Necromancy
   594 | D:2      | Noticed Ijyb
   607 | D:2      | Paralysed by a potion of paralysis for 4 turns
   670 | D:2      | Killed Ijyb
   670 | D:2      | Reached XP level 3. HP: 11/24 MP: 1/6
   839 | D:2      | Noticed Jessica
   848 | D:2      | Killed Jessica
   848 | D:2      | Reached skill level 6 in Necromancy
   900 | D:2      | Noticed Terence
   939 | D:2      | Killed Terence
   939 | D:2      | Reached XP level 4. HP: 15/30 MP: 1/8
  1722 | D:3      | Learned a level 3 spell: Vampiric Draining
  1868 | D:3      | HP: 1/30 [poison (a potion of poison)]
  1880 | D:3      | Reached skill level 7 in Necromancy
  1880 | D:3      | Reached XP level 5. HP: 2/35 MP: 0/9
  1880 | D:3      | Succumbed to poison (a potion of poison)

Action                   |  1- 3 |  4- 6 || total
-------------------------+-------+-------++-------
Melee: Short sword       |    24 |    32 ||    56
 Cast: Pain              |    39 |    26 ||    65
Evoke: Wand              |       |     1 ||     1
  Use: Potion            |     3 |     1 ||     4
 Stab: Sleeping          |     2 |     2 ||     4
